 Dungeon Crawl Stone Soup version 0.27.1-34-g3ba077fa99 (webtiles) character file.

Game seed: 14931121319647406980

1605 ticklebelly the Cleaver (level 8, 0/112 HPs)
             Began as a Minotaur Berserker on Jan 7, 2022.
             Was an Elder of Trog.
             Slain by a troll (8 damage)
             ... on level 6 of the Dungeon.
             The game lasted 00:08:32 (6462 turns).

ticklebelly the Cleaver (Minotaur Berserker)        Turns: 6462, Time: 00:08:32

Health: 0/112      AC: 18    Str: 24    XL:     8   Next: 63%
Magic:  7/7        EV:  9    Int:  4    God:    Trog [****..]
Gold:   241        SH:  0    Dex: 16    Spells: 7/7 levels left

rFire    . . .     SeeInvis .   E - +4 flail (protect)
rCold    . . .     Faith    .   (no shield)
rNeg     . . .     Spirit   .   m - +0 chain mail
rPois    .         Reflect  .   (helmet restricted)
rElec    .         Harm     .   (no cloak)
rCorr    .         Rampage  .   (no gloves)
Will     ++...                  i - +0 pair of boots
Stlth    ..........             (no amulet)
HPRegen  1.28/turn              s - +6 ring of dexterity
MPRegen  0.10/turn              (no ring)

@: berserking, lit by a corona, strong-willed, under a protective aura,
regenerating, glowing, very quick
A: horns 2, retaliatory headbutt
a: Renounce Religion, Berserk, Trog's Hand, Brothers in Arms


You were on level 6 of the Dungeon.
You worshipped Trog.
Trog was greatly pleased with you.
You visited 1 branch of the dungeon, and saw 6 of its levels.
You also visited: Sewer.

You collected 241 gold pieces.

Inventory:

Hand Weapons
 o - a +2 hand axe of freezing
 E - a +4 flail of protection (weapon)
Missiles
 q - 3 javelins (quivered)
 w - 7 boomerangs
Armour
 h - a +0 kite shield
 i - a +0 pair of boots (worn)
 m - a +0 chain mail (worn)
 u - a +0 pair of gloves
Jewellery
 l - a ring of fire
 s - a +6 ring of dexterity (left hand)
Wands
 k - a wand of acid (9)
 t - a wand of paralysis (2)
Scrolls
 a - a scroll of fog {unknown}
 c - 2 scrolls of identify {unknown}
 f - a scroll of magic mapping {unknown}
 n - a scroll of silence {unknown}
 r - a scroll of vulnerability {unknown}
 v - a scroll of brand weapon {unknown}
 x - 2 scrolls of teleportation {unknown}
 y - 2 scrolls of blinking {unknown}
 A - 2 scrolls of fear {unknown}
 B - 2 scrolls of summoning {unknown}
 C - a scroll of enchant weapon {unknown}
 D - a scroll of enchant armour {unknown}
Potions
 b - 2 potions of experience {unknown}
 d - a potion of invisibility {unknown}
 e - a potion of haste {unknown}
 g - 4 potions of curing {unknown}
 j - 2 potions of cancellation {unknown}
 p - a potion of might {unknown}
 z - a potion of mutation {unknown}


   Skills:
 + Level 8.7 Fighting
 + Level 8.7 Axes
 + Level 7.3 Armour
 - Level 2.1 Dodging


You had 7 spell levels left.
You didn't know any spells.
Your spell library was empty.

Dungeon Overview and Level Annotations

Branches:
Dungeon (6/15)              Sewer (visited)
 Temple: D:4-7

Altars:
Okawaru
Trog
The Shining One


Innate Abilities, Weirdness & Mutations

You have a pair of horns on your head.
You reflexively headbutt those who attack you in melee.


Message History

The troll barely misses you. The troll bites you.
The troll claws you but does no damage. x2
The gnoll sergeant hits you with a +0 spear.
You sock the gnoll sergeant!
Your headbutt misses the gnoll sergeant.
The gnoll sergeant is severely wounded.
The troll bites you. The troll claws you!
The troll claws you but does no damage.
The gnoll sergeant hits you with a +0 spear.
You barely miss the gnoll sergeant. You headbutt the gnoll sergeant.
The gnoll sergeant is severely wounded.
The troll bites you!
* * * LOW HITPOINT WARNING * * *
The troll claws you but does no damage. The troll claws you.
* * * LOW HITPOINT WARNING * * *
The gnoll sergeant hits you with a +0 spear.
* * * LOW HITPOINT WARNING * * *
Your skin crawls.
You feel strong-willed. The troll closely misses you. You furiously retaliate!
You headbutt the troll, but do no damage.
The troll claws you but does no damage. x2
The gnoll sergeant hits you but does no damage.
A red film seems to cover your vision as you go berserk!
You feel yourself moving faster!
You feel mighty! The troll bites you!
* * * LOW HITPOINT WARNING * * *
The troll claws you but does no damage. The troll claws you.
* * * LOW HITPOINT WARNING * * *
The gnoll sergeant hits you but does no damage.
You sock the gnoll sergeant!
You kill the gnoll sergeant!
Trog accepts your kill. The troll misses you. The troll claws you.
* * * LOW HITPOINT WARNING * * *
The troll claws you.
* * * LOW HITPOINT WARNING * * *
You closely miss the troll.
The troll is heavily wounded.
The troll bites you but does no damage. The troll claws you!
You die...

###########
.......#)
......# #
Kgg..+.# T...#
#######''####+#
#.@).#..^.....#
#T##)#........#
#Ko.).......#+#
#############


You could see a troll and a kobold brigand.

Vanquished Creatures
  Menkaure (D:4)
  Edmund (D:5)
  An orc warrior (D:6)
  4 ogres
  A centaur (D:5)
  2 gnoll sergeants (D:6)
  2 hounds
  2 bullfrog zombies
  2 jellies
  A gnoll shaman (D:6)
  2 bullfrog skeletons
  An iguana (D:4)
  Ijyb (D:4)
  2 orc wizards (D:4)
  A hound zombie (D:5)
  3 gnolls (D:3)
  10 adders
  6 river rats
  A shadow imp (D:4)
  2 white imps (D:5)
  2 adder skeletons (D:4)
  6 worms
  3 dart slugs
  17 orcs
  7 ball pythons
  6 bats
  6 endoplasms
  A giant cockroach (D:3)
  6 hobgoblins
  3 jackals (D:4)
  4 kobolds
  6 quokkas
  7 frilled lizards
  7 goblins
  20 rats
147 creatures vanquished.

Vanquished Creatures (others)
  A wizard (D:3)
1 creature vanquished.

Grand Total: 148 creatures vanquished

Notes
Turn   | Place    | Note
-------+----------+-------------------------------------------
     0 | D:1      | ticklebelly the Minotaur Berserker began the quest for the
                  | Orb.
     0 | D:1      | Reached XP level 1. HP: 19/19 MP: 0/0
   638 | D:1      | Reached XP level 2. HP: 26/27 MP: 1/1
  1319 | D:2      | Reached XP level 3. HP: 34/34 MP: 2/2
  1535 | D:2      | Reached ** piety under Trog
  1976 | D:3      | Found a bloodstained altar of Trog.
  2050 | D:3      | Reached skill level 5 in Fighting
  2050 | D:3      | Reached skill level 5 in Axes
  2050 | D:3      | Reached XP level 4. HP: 33/42 MP: 3/3
  2158 | D:3      | Found an iron altar of Okawaru.
  2216 | D:3      | Found a faded altar of an unknown god.
  2284 | D:3      | Found a glowing golden altar of the Shining One.
  2353 | D:3      | Noticed a wizard
  2360 | D:3      | Killed a wizard
  2886 | D:4      | Reached XP level 5. HP: 46/48 MP: 4/4
  3106 | D:4      | Noticed Menkaure
  3113 | D:4      | Killed Menkaure
  3114 | D:4      | Reached XP level 6. HP: 30/57 MP: 5/5
  3589 | D:4      | Noticed Ijyb
  3609 | D:4      | Killed Ijyb
  4092 | D:4      | Reached XP level 7. HP: 50/64 MP: 6/6
  4282 | D:4      | Reached *** piety under Trog
  4624 | D:5      | Entered Level 5 of the Dungeon
  4638 | D:5      | Reached skill level 5 in Armour
  4765 | D:5      | Found a glowing drain.
  4776 | Sewer    | Entered a sewer
  5285 | D:5      | Noticed Edmund
  5297 | D:5      | Killed Edmund
  5297 | D:5      | Reached **** piety under Trog
  5301 | D:5      | Reached XP level 8. HP: 36/74 MP: 7/7
  6434 | D:6      | Noticed a troll
  6462 | D:6      | Slain by a troll

Illustrated notes

Levels and vault maps discovered:
D:1:      heliophobic_arrival_ceremonial_halls, layout_basic
D:2:      layout_rooms
D:3:      layout_basic, okawaru_altar_gauntlet_db,
          nicolae_overflow_hidden_temple, trog_wizard,
          hellmonk_ecumenical_altar_heavens_door, chequers_serial_rivers_marsh,
          kennysheep_generic_room_7
D:4:      layout_loops_ring, minmay_fractal_squares_diagonal_5, uniq_menkaure,
          uniq_ijyb
D:5:      layout_basic, lightli_sewer_entry_pipes, kennysheep_generic_room_8,
          uniq_edmund
D:6:      lemuel_castle_with_subvaults [lemuel_castle_interior_carwin_2],
          layout_rooms, uniq_eustachio

Skill      XL: |  1  2  3  4  5  6  7  8 |
---------------+-------------------------+-----
Fighting       | 4 5 6 7 8 |  8.7
Axes           | 4 5 6 7 8 |  8.7
Armour         | 4 6 7 |  7.3
Dodging        | |  2.1

Action                   |  1- 3 |  4- 6 |  7- 9 || total
-------------------------+-------+-------+-------++-------
Melee: Hand axe          |    65 |   110 |   134 ||   309
       Headbutt          |     9 |    23 |    40 ||    72
       Flail             |       |       |    64 ||    64
Throw: Javelin           |       |     2 |       ||     2
Invok: Berserk           |       |     1 |     3 ||     4
       Trog's Hand       |       |       |     1 ||     1
Armor: Animal skin       |    10 |     2 |       ||    12
       Chain mail        |       |    40 |   120 ||   160
Dodge: Dodged            |    52 |    47 |    80 ||   179
